 Dungeon Crawl Stone Soup version 0.27-a0-661-gca034ae587 (webtiles) character file.

Game seed: 12187570972083202594

44 Johnny the Digger (level 3, 0/21 HPs)
             Began as a Deep Elf Earth Elementalist on Mar 17, 2021.
             Slain by a hobgoblin
             ... wielding a +0 club
              (7 damage)
             ... on level 2 of the Dungeon.
             The game lasted 00:01:21 (1355 turns).

Johnny the Digger (Deep Elf Earth Elementalist)     Turns: 1355, Time: 00:01:21

Health: 0/21       AC:  2    Str:  5    XL:     3   Next: 39%
Magic:  2/10       EV: 12    Int: 20    God:
Gold:   24         SH:  0    Dex: 15    Spells: 5/9 levels left

rFire    . . .     SeeInvis .   f - +0 short sword
rCold    . . .     Faith    .   (no shield)
rNeg     . . .     Spirit   .   c - +0 robe
rPois    .         Reflect  .   (no helmet)
rElec    .         Harm     .   (no cloak)
rCorr    .         Rampage  .   (no gloves)
Will     .....                  (no boots)
Stlth    ++........             l - amulet of the acrobat
HPRegen  0.07/turn              h - ring of wizardry
MPRegen  0.12/turn              (no ring)

@: no status effects
A: no striking features
a: no special abilities


You were on level 2 of the Dungeon.
You visited 1 branch of the dungeon, and saw 2 of its levels.

You collected 24 gold pieces.

Inventory:

Hand Weapons
 f - a +0 short sword (weapon)
Missiles
 b - 16 stones
Armour
 c - a +0 robe (worn)
Jewellery
 h - a ring of wizardry (right hand)
 l - an amulet of the acrobat (around neck)
Scrolls
 g - a scroll of enchant armour {unknown}
 i - a scroll of identify {unknown}
 k - a scroll of teleportation {unknown}
Potions
 a - a potion of heal wounds {unknown}
 d - a potion of attraction {unknown}
 e - a potion of lignification {unknown}
 j - a potion of berserk rage {unknown}


   Skills:
 * Level 1.7 Fighting
 - Level 2.4 Dodging
 - Level 2.4 Stealth
 + Level 3.6 Spellcasting
 - Level 1.1 Transmutations
 + Level 3.7 Earth Magic


You had 5 spell levels left.
You knew the following spells:

 Your Spells              Type           Power      Damage    Failure   Level
a - Sandblast             Erth           36%        2d10      1%          1
b - Stone Arrow           Conj/Erth      22%        3d8       8%          3

Your spell library contained the following spells:

 Spells                   Type           Power      Damage    Failure   Level
 Passwall                 Tmut/Erth      10%        N/A       3%          2
 Petrify                  Tmut/Erth      13%        N/A       19%         4
 Lee's Rapid Deconstruct  Erth           9%         3d8*      30%         5


Dungeon Overview and Level Annotations

Branches:
Dungeon (2/15)

Altars:


Message History

Press: ? - help, Shift-Dir - straight line, f - goblin
Aim: a goblin (wandering, hasn't noticed you, 26% to evade)
The blast of sand misses the goblin.
The goblin shouts!
The adder hisses angrily.
The goblin completely misses you.
There is an open door here.
Things that are here:
3 stones; a +0 club
Casting: Sandblast (safe; 1% risk of failure)
Confirm with . or Enter, or press ? or * to list all spells.
Aiming: Sandblast (safe; 1% risk of failure)
Press: ? - help, Shift-Dir - straight line, f/p - goblin
Aim: a goblin (26% to evade)
The blast of sand hits the adder!
The adder is severely wounded.
The adder bites you. The adder misses you.
Casting: Sandblast (safe; 1% risk of failure)
Confirm with . or Enter, or press ? or * to list all spells.
Aiming: Sandblast (safe; 1% risk of failure)
Press: ? - help, Shift-Dir - straight line, f/p - goblin
Aim: a goblin (26% to evade)
The blast of sand hits the adder!!
You kill the adder!
Casting: Sandblast (safe; 1% risk of failure)
Confirm with . or Enter, or press ? or * to list all spells.
Aiming: Sandblast (safe; 1% risk of failure)
Press: ? - help, Shift-Dir - straight line, f/p - goblin
Aim: a goblin (26% to evade)
The blast of sand hits the hobgoblin.
The hobgoblin is heavily wounded.
The hobgoblin hits you with a +0 club.
Casting: Sandblast (safe; 1% risk of failure)
Confirm with . or Enter, or press ? or * to list all spells.
Aiming: Sandblast (safe; 1% risk of failure)
Press: ? - help, Shift-Dir - straight line, f/p - goblin
Aim: a goblin (26% to evade)
The blast of sand misses the hobgoblin.
The blast of sand hits the goblin!
You kill the goblin!
The hobgoblin hits you with a +0 club!
You die...

..........#.####.#
...#######.......#
..........#######
######.........#
###..#<####.#
#........<#
#.#.......#
#.#...#.#.#
#@#...#.#.#
#g#...#.#.#
#.####(#.###.#.#
#.[...)......#..
#..........#####
#..........#
#..........#
#..........#
#..........#


You could see a hobgoblin.

Vanquished Creatures
  An adder (D:2)
  2 oozes
  A dart slug (D:1)
  A giant cockroach (D:1)
  3 goblins
  4 hobgoblins
  2 jackals (D:1)
  A bat (D:2)
  2 frilled lizards
  5 kobolds
  3 rats (D:1)
25 creatures vanquished.

Notes
Turn   | Place    | Note
-------+----------+-------------------------------------------
     0 | D:1      | Johnny the Deep Elf Earth Elementalist began the quest for
                  | the Orb.
     0 | D:1      | Reached XP level 1. HP: 10/10 MP: 6/6
   308 | D:1      | Reached skill level 1 in Fighting
   308 | D:1      | Reached XP level 2. HP: 16/16 MP: 6/8
  1052 | D:2      | Reached XP level 3. HP: 4/20 MP: 8/10
  1313 | D:2      | Learned a level 3 spell: Stone Arrow
  1355 | D:2      | Slain by a hobgoblin

Illustrated notes

Levels and vault maps discovered:
D:1:      elethiomel_arrival_shortcut, layout_basic
D:2:      layout_basic, nicolae_overflow_quartered_altars,
          nicolae_vehumet_altar_sigil, serial_bayou_crossing

Skill      XL: |  1 |
---------------+----+-----
Fighting       | 1 |  1.7
Dodging        | |  2.4
Stealth        | |  2.4
Spellcasting   | |  3.6
Transmutations | |  1.1
Earth Magic    | |  3.7

Action                   || total
-------------------------++-------
Melee: Unarmed           ||     2
       Short sword       ||    21
 Cast: Sandblast         ||    27
Armor: Robe              ||     5
Dodge: Dodged            ||    26

Table legend: (Time is in decaauts)
 A = Elapsed time spent in this place.
 B = Non-inter-level travel time spent in this place.
 C = Inter-level travel time spent in this place.
 D = Time resting spent in this place.
 E = Time spent auto-exploring this place.
 F = Levels seen in this place.
 G = Mean time per level.
                   A        B        C        D        E       F      G
               +--------+--------+--------+--------+--------+-----+--------+
         Total |   1355 |   1341 |     14 |    311 |    888 |   2 |  677.5 |
       Dungeon |   1355 |   1341 |     14 |    311 |    888 |   2 |  677.5 |
               +--------+--------+--------+--------+--------+-----+--------+

Top non-repeatable levels by time:
     D:1: 1015 daAuts
     D:2: 340 daAuts
